 Dungeon Crawl Stone Soup version 0.30-a0-465-g8901f6c8b5 (webtiles) character file.

Game seed: 17925397477356183301

52 p00ps00p the Trooper (level 3, -4/33 HPs)
             Began as a Hill Orc Fighter on Dec 19, 2022.
             Slain by Sigmund
             ... wielding a +0 scythe
              (13 damage)
             ... on level 2 of the Dungeon.
             The game lasted 00:01:58 (1546 turns).

p00ps00p the Trooper (Hill Orc Fighter)             Turns: 1546, Time: 00:01:58

Health: -4/33      AC:  0    Str: 20    XL:     3   Next: 85%
Magic:  3/3        EV: 10    Int:  8    God:
Gold:   43         SH:  4    Dex: 10    Spells: 2/2 levels left

rFire   . . .      SeeInvis .    a - +0 war axe
rCold   . . .      Faith    .    c - +0 buckler
rNeg    . . .      Spirit   .    (no body armour)
rPois   .          Reflect  .    (no helmet)
rElec   .          Harm     .    (no cloak)
rCorr   .          Rampage  .    (no gloves)
Will    .....                    (no boots)
Stlth   +.........               (no amulet)
HPRegen 0.25/turn                (no ring)
MPRegen 0.08/turn                (no ring)

@: no status effects
A: no striking features
a: no special abilities


You were on level 2 of the Dungeon.
You visited 1 branch of the dungeon, and saw 2 of its levels.

You collected 43 gold pieces.

Inventory:

Hand Weapons
 a - a +0 war axe (weapon)
Armour
 b - a +0 scale mail
 c - a +0 buckler (worn)
 g - a +0 plate armour
Wands
 f - a wand of iceblast (1)
Scrolls
 i - a scroll of brand weapon {unknown}
Potions
 d - a potion of might
 e - a potion of mutation {unknown}
 h - a potion of flight {unknown}
 j - a potion of curing {unknown}


   Skills:
 + Level 4.1 Fighting
 + Level 3.6 Axes
 + Level 3.8 Armour
 + Level 3.7 Shields


You had 2 spell levels left.
You didn't know any spells.
Your spell library was empty.

Dungeon Overview and Level Annotations

Branches:
Dungeon (2/15)

Altars:

Annotations:
D:2 Sigmund


Message History

You barely miss Sigmund. You block Sigmund's attack.
The goblin closely misses you.
You hit Sigmund.
Sigmund is lightly wounded.
You hit the goblin. Sigmund barely misses you.
The goblin hits you with a +0 club.
You closely miss the goblin.
The goblin is almost dead.
You closely miss Sigmund. The goblin hits you with a +0 club.
Sigmund says, "Your kind have come here before.
I understand now why.
You desire death..."
Sigmund hits you with a +0 scythe. You block the goblin's attack.
You hit the goblin.
You kill the goblin!
You hit Sigmund but do no damage. Sigmund casts a spell at you.
You resist with significant effort.
You barely miss Sigmund.
Sigmund is lightly wounded.
Sigmund barely misses you.
You closely miss Sigmund.
Sigmund is lightly wounded.
Sigmund casts a spell at you. You resist with significant effort.
You closely miss Sigmund.
Sigmund is lightly wounded.
Sigmund hits you with a +0 scythe!
* * * LOW HITPOINT WARNING * * *
You are too injured to fight recklessly!
You are too injured to fight recklessly!
You are too injured to fight recklessly!
You are too injured to fight recklessly!
You are too injured to fight recklessly!
You are too injured to fight recklessly!
You are too injured to fight recklessly!
Sigmund is nearby!
Unknown command.
You slash Sigmund!
Sigmund is moderately wounded.
Sigmund hits you with a +0 scythe!
You die...

#<# #.# #.# #.#
####.#
#.########.....
#........(.##.#
###....##..##.#
#.##.##..##.####
#.##...........##
#.#####.......@@#
#.#
#..##....)...#
#..
#..##.##..#.#.#
###
#.(##.##......
#...............
####............
...###..#....
##.## ..#...


You could see Sigmund.

Vanquished Creatures
  A dart slug (D:1)
  2 endoplasms (D:1)
  2 giant cockroaches (D:1)
  6 hobgoblins
  9 jackals
  4 kobolds (D:1)
  3 quokkas
  2 ball pythons (D:1)
  5 bats
  A frilled lizard (D:1)
  4 goblins
  4 rats (D:1)
43 creatures vanquished.

Notes
Turn   | Place    | Note
-------+----------+-------------------------------------------
     0 | D:1      | p00ps00p the Hill Orc Fighter began the quest for the Orb.
     0 | D:1      | Reached XP level 1. HP: 19/19 MP: 1/1
    59 | D:1      | Reached XP level 2. HP: 24/27 MP: 2/2
   249 | D:1      | Reached skill level 4 in Fighting
   315 | D:1      | Reached XP level 3. HP: 33/33 MP: 3/3
  1534 | D:2      | Noticed Sigmund
  1546 | D:2      | Slain by Sigmund

Illustrated notes

Levels and vault maps discovered:
D:1:      minmay_arrival_checkered_box, layout_loops_corners
D:2:      minmay_spotlight, layout_loops_ring, grunt_decor_arrowhead,
          uniq_sigmund

Skill      XL: |  1  2 |
---------------+-------+-----
Axes           | 3 |  3.6
Fighting       | 4 |  4.1
Armour         | |  3.8
Shields        | |  3.7

Action                   || total
-------------------------++-------
Melee: War axe           ||   123
  Use: Scroll            ||     2
Armor: Scale mail        ||    36
Dodge: Dodged            ||    74
Block: Buckler           ||    36

Table legend: (Time is in decaauts)
 A = Elapsed time spent in this place.
 B = Non-inter-level travel time spent in this place.
 C = Inter-level travel time spent in this place.
 D = Time resting spent in this place.
 E = Time spent auto-exploring this place.
 F = Levels seen in this place.
 G = Mean time per level.
                   A        B        C        D        E       F      G
               +--------+--------+--------+--------+--------+-----+--------+
         Total |   1592 |   1560 |     32 |      0 |   1270 |   2 |  796.0 |
       Dungeon |   1592 |   1560 |     32 |      0 |   1270 |   2 |  796.0 |
               +--------+--------+--------+--------+--------+-----+--------+

Top non-repeatable levels by time:
     D:1: 1167 daAuts
     D:2: 425 daAuts
